 Dungeon Crawl Stone Soup version 0.31.0-11-ge490571c62 (webtiles) character file.

Game seed: 7984466549434876269

57 qw the Shooter (level 3, -3/20 HPs)
             Began as a Deep Elf Hunter on Feb 4, 2024.
             Slain by a hobgoblin (6 damage)
             ... led by Robin
             ... on level 2 of the Dungeon.
             The game lasted 00:00:14 (588 turns).

qw the Shooter (Deep Elf Hunter)                     Turns: 588, Time: 00:00:15

Health: -3/20      AC:  3    Str: 10    XL:     3   Next: 73%
Magic:  5/5        EV:  6    Int: 13    God:
Gold:   46         SH:  0    Dex: 18    Spells: 2/2 levels left

rFire   . . .        a - +0 shortbow
rCold   . . .        (shield currently unavailable)
rNeg    . . .        c - +0 leather armour
rPois   .            (no helmet)
rElec   .            (no cloak)
rCorr   .            (no gloves)
SInv    .            (no boots)
Will    .....        (no amulet)
Stlth   ++           (no ring)
HPRegen 0.23/turn    (no ring)
MPRegen 0.09/turn

%: no passive effects
@: about to teleport, held
A: no striking features
a: no special abilities


You were on level 2 of the Dungeon.
You visited 1 branch of the dungeon, and saw 2 of its levels.

You collected 46 gold pieces.


   Skills:
 - Level 1.5 Fighting
 + Level 7.2 Ranged Weapons
 - Level 2.4 Dodging
 - Level 1.2 Stealth


You had 2 spell levels left.
You didn't know any spells.
Your spell library was empty.

Inventory:

Hand Weapons
 a - a +0 shortbow (weapon)
Armour
 b - a +0 ring mail
 c - a +0 leather armour (worn)
Jewellery
 e - a ring of protection from cold
Scrolls
 f - a scroll of vulnerability {unknown}
Potions
 d - a potion of brilliance {unknown}
 g - a potion of magic {unknown}

Dungeon Overview and Level Annotations

Branches:
Dungeon (2/15)

Altars:


Message History

The hobgoblin hits you but does no damage.
Your Ranged Weapons skill increases to level 7!
You shoot an arrow. The arrow hits the hobgoblin!
You kill the hobgoblin!
You shoot an arrow. The arrow hits Robin!
Robin is heavily wounded.
A frilled lizard comes into view.
Robin hits you with a +0 mace.
You shoot an arrow. The frilled lizard hisses angrily.
The arrow hits Robin.
Robin is severely wounded.
Robin hits you with a +0 mace.
You shoot an arrow. The arrow barely misses Robin.
The arrow hits the goblin.
The goblin is moderately wounded.
Robin says, "A pitiful Elf like you will never find the ORB!"
Robin throws the goblin at you! The goblin completely misses you.
Robin hits you with a +0 mace. The goblin hits you but does no damage.
You shoot an arrow. The arrow hits Robin!
You kill Robin!
The goblin hits you with a +0 spear.
You shoot an arrow. The arrow hits the goblin!
You kill the goblin!
You shoot an arrow. The arrow hits the hobgoblin.
The hobgoblin is moderately wounded.
The hobgoblin hits you but does no damage.
You shoot an arrow. The arrow hits the ribbon worm.
The ribbon worm is moderately wounded.
The hobgoblin hits you.
You shoot an arrow. The arrow hits the ribbon worm!
The ribbon worm is severely wounded.
The hobgoblin hits you.
The ribbon worm expels a string of sticky webbing.
The stream of webbing hits you but does no damage.
You are caught in a web!
588 ||| READING scroll of teleportation.
As you read the scroll of teleportation, it crumbles to dust.
You feel strangely unstable. The hobgoblin hits you.
You die...

###### #....#
)###############....####
.)......................
#.. #........#.#######
#... #..#.....#.#......
#...l#g)#.###.#...#####
#...gw@.#.# #.#########
#....##.#.###..........
#.......#.....#........
..#.. ...........#######
. #.. ...........#....
## ..............## #
................ #
........<......# #
#####.........#.#


You could see a ribbon worm (catching breath), 2 hobgoblins and a frilled
lizard.

Vanquished Creatures
  Robin (D:2)
  A dart slug (D:1)
  4 ball pythons
  5 bats
  An endoplasm (D:1)
  2 giant cockroaches (D:1)
  9 goblins
  6 hobgoblins
  4 frilled lizards
  6 kobolds
  4 rats
43 creatures vanquished.

Notes
Turn   | Place    | Note
-------+----------+-------------------------------------------
     0 | D:1      | qw the Deep Elf Hunter began the quest for the Orb.
     0 | D:1      | Reached XP level 1. HP: 12/12 MP: 3/3
     0 | D:1      | 0 ||| qw: Version: 0.3-a-160-g6735b56
     0 | D:1      | 0 ||| qw: Game counter: 6055
     0 | D:1      | 0 ||| qw: Melee chars always use a shield: true
     0 | D:1      | 0 ||| qw: God list: Okawaru
     0 | D:1      | 0 ||| qw: Allow faded altars: false
     0 | D:1      | 0 ||| qw: Do Orc after clearing Dungeon:15 true
     0 | D:1      | 0 ||| qw: Do second Lair branch before Depths: true
     0 | D:1      | 0 ||| qw: Lair rune preference: random
     0 | D:1      | 0 ||| qw: Goals: Normal
     0 | D:1      | 0 ||| PLANNING D:1-11
    86 | D:1      | Reached skill level 6 in Ranged Weapons
    86 | D:1      | Reached XP level 2. HP: 16/16 MP: 4/4
   312 | D:1      | Reached XP level 3. HP: 20/20 MP: 5/5
   441 | D:1      | 441 ||| READING scroll labelled UFEGETU SEGHUE.
   442 | D:1      | 442 ||| READING scroll labelled KEUGUZARUM.
   446 | D:1      | 446 ||| READING scroll labelled SUADDA DIOFFY.
   447 | D:1      | 447 ||| DROPPING scroll of butterflies.
   571 | D:2      | Noticed Robin
   579 | D:2      | Reached skill level 7 in Ranged Weapons
   583 | D:2      | Killed Robin
   587 | D:2      | HP: 3/20 [hobgoblin[Robin] (5)]
   588 | D:2      | 588 ||| READING scroll of teleportation.
   588 | D:2      | Slain by a hobgoblin

Levels and vault maps discovered:
D:1:      zelgadis_glass_arrival_small, layout_rooms
D:2:      layout_basic, basic_altar, dreamdust_ecumenical_altar_sealed_demon,
          uniq_terence, uniq_robin, uniq_sigmund

Skill      XL: |  1  2  3 |
---------------+----------+-----
Ranged Weapons | 6 7 |  7.2
Fighting       | |  1.5
Dodging        | |  2.4
Stealth        | |  1.2

Action                     || total
---------------------------++-------
   Fire: Shortbow          ||    92
    Use: Scroll            ||     4
 Armour: Leather armour    ||    16
  Dodge: Dodged            ||    10

Table legend:
 A = Non-vault XP
 B = Vault XP
 C = Vault XP percentage of total XP
 D = Non-vault monster count
 E = Vault monster count
 F = Vault count percentage of total count
                 A         B        C        D         E       F
            +---------+---------+-------+---------+---------+-------
      Total |      52 |      30 |  36.6 |      34 |       9 |  20.9
            +---------+---------+-------+---------+---------+-------
        D:1 |      45 |       0 |   0.0 |      28 |       0 |   0.0
        D:2 |       7 |      30 |  81.1 |       6 |       9 |  60.0
            +---------+---------+-------+---------+---------+-------
